 Seeded DCSS version 0.27.1-34-g3ba077fa99 (webtiles) character file.

Game seed: 17438665072932102009 (custom seed)

15 ravioli the Sneak (level 2, 17/17 HPs)
             Began as an Octopode Earth Elementalist on Jan 31, 2022.
             Quit the game on level 1 of the Dungeon.
             The game lasted 00:00:54 (67 turns).

ravioli the Sneak (Octopode Earth Elementalist)       Turns: 67, Time: 00:00:54

Health: 17/17      AC:  1    Str:  7    XL:     2   Next: 50%
Magic:  3/5        EV: 13    Int: 17    God:
Gold:   10         SH:  0    Dex: 12    Spells: 5/6 levels left

rFire    . . .     SeeInvis .   (no weapon)
rCold    . . .     Faith    .   (no shield)
rNeg     . . .     Spirit   .   (helmet restricted)
rPois    .         Reflect  .   (no amulet)
rElec    .         Harm     .   (no ring)
rCorr    .         Rampage  .   (no ring)
Will     .....                  (no ring)
Stlth    ++++......             (no ring)
HPRegen  0.05/turn              (no ring)
MPRegen  0.09/turn              (no ring)
                                (no ring)
                                (no ring)

@: no status effects
A: almost no armour, amphibious, 8 rings, camouflage 1, gelatinous body 1,
(nimble swimmer 1), tentacles
a: no special abilities


You were on level 1 of the Dungeon.
You visited 1 branch of the dungeon, and saw 1 of its levels.

You collected 10 gold pieces.

Inventory:

Missiles
 b - 27 stones
Potions
 a - a potion of experience


   Skills:
 + Level 2.0 Dodging
 + Level 4.3 Stealth
 + Level 2.9 Spellcasting
 + Level 2.1 Conjurations
 + Level 2.4 Transmutations
 + Level 2.1 Fire Magic
 + Level 2.0 Ice Magic
 + Level 2.1 Air Magic
 + Level 4.0 Earth Magic
 + Level 2.6 Poison Magic


You had 5 spell levels left.
You knew the following spells:

 Your Spells              Type           Power      Damage    Failure   Level
a - Sandblast             Erth           32%        2d9       3%          1

Your spell library contained the following spells:

 Spells                   Type           Power      Damage    Failure   Level
 Passwall                 Tmut/Erth      10%        N/A       7%          2
 Stone Arrow              Conj/Erth      24%        3d8       16%         3
 Petrify                  Tmut/Erth      13%        N/A       43%         4


Dungeon Overview and Level Annotations

Branches:
Dungeon (1/15)

Altars:


Innate Abilities, Weirdness & Mutations

You cannot wear most types of armour.
You are amphibious.
You can wear up to eight rings at the same time.
Your skin changes colour to match your surroundings (Stealth+).
Your rubbery body absorbs attacks. (AC +1, EV +1)
((You are camouflaged near water. (Stealth+)))
You have tentacles for arms and can constrict up to eight enemies at once.


Message History

A dart slug comes into view.
A bat comes into view.
There is an open door here.
Aiming: Sandblast (safe; 5% risk of failure)
Press: ? - help, Q - select action, (/) - cycle Shift-Dir - straight line, f - bat
Aim: a bat (69% to hit)
The blast of sand hits the bat.
You kill the bat!
Unknown command.
A bat comes into view.
Aiming: Sandblast (safe; 5% risk of failure)
Press: ? - help, Q - select action, (/) - cycle Shift-Dir - straight line, f - dart slug
Aim: a dart slug (asleep, 100% to hit)
The blast of sand hits the dart slug!
The dart slug is almost dead.
Aiming: Sandblast (safe; 5% risk of failure)
Press: ? - help, Q - select action, (/) - cycle Shift-Dir - straight line, f/p - dart slug
Aim: a dart slug (almost dead, 100% to hit)
The blast of sand hits the dart slug!
You kill the dart slug!
Unknown command.
You see here a bat corpse.
There is an open door here.
There is an open door here.
You start resting.
Magic restored.
It was a potion of experience.
You feel more experienced!
Your Stealth skill gained 2 levels and is now at level 4!
Your Conjurations skill gained 2 levels and is now at level 2!
Your Transmutations skill increases to level 2!
Your Fire Magic skill gained 2 levels and is now at level 2!
Your Ice Magic skill gained 2 levels and is now at level 2!
Your Air Magic skill gained 2 levels and is now at level 2!
Your Earth Magic skill increases to level 4!
Your Poison Magic skill gained 2 levels and is now at level 2!
You have reached level 2!
Unknown command.
Unknown command.
Are you sure you want to abandon this character and quit the game? (Confirm with "yes".)

#............#
#.........†..##
+.............+
##............##
.........†..#..b...
#######'##.## #####
#.##...
#######'#######
#........@....#
#.###########.#
.......#..#
#.#######.#.#
#.......##.#
#.###'###.#.#
#.....#.#.#
#.....#.#.#
+..<..+.#.+


There were no monsters in sight!

Vanquished Creatures
  A dart slug (D:1)
  A bat (D:1)
2 creatures vanquished.

Notes
Turn   | Place    | Note
-------+----------+-------------------------------------------
     0 | D:1      | ravioli the Octopode Earth Elementalist began the quest for
                  | the Orb.
     0 | D:1      | Reached XP level 1. HP: 11/11 MP: 3/3
    66 | D:1      | Reached XP level 2. HP: 17/17 MP: 3/5
    67 | D:1      | Quit the game

Illustrated notes

Levels and vault maps discovered:
D:1:      matt_arrival_los_fun, layout_basic, serial_shops,
          nicolae_shop_overgrown_old_shop

Skill      XL: |  1 |
---------------+----+-----
Stealth        | 4 |  4.3
Conjurations   | 2 |  2.1
Transmutations | 2 |  2.4
Fire Magic     | 2 |  2.1
Ice Magic      | 2 |  2.0
Air Magic      | 2 |  2.1
Earth Magic    | 4 |  4.0
Poison Magic   | 2 |  2.6
Dodging        | |  2.0
Spellcasting   | |  2.9

Action                   || total
-------------------------++-------
 Cast: Sandblast         ||     3
  Use: Potion            ||     1
